| TOP OF THE 1ST |
|
Wisconsin Timber Rattlers batting - Pitching for Kane County Cougars : RHP Travis Plesz
|
|
Pitching: RHP Travis Plesz
|
|
|
Batting: RHB Carlos Salazar
|
0-0: Ball 1-0: SINGLE (Line Drive, 8LS, EV 88.1 MPH)
|
|
Batting: RHB Nick Garland
|
0-0: Ball 1-0: Ball 2-0: Ball 3-0: Fly out, F7 (Flyball, 7, EV 75.0 MPH)
|
|
Batting: LHB Joe Vida
|
0-0: Ball 1-0: Called Strike Carlos Salazar steals 2nd base (no throw) 1-1: Ground out 6-3 (Groundball, 6MS, EV 70.0 MPH) Carlos Salazar to third
|
|
Batting: RHB Aaron Lind
|
0-0: Fly out, F9 (Line Drive, 9D, EV 103.8 MPH)
|
| Top of the 1st over - 0 runs, 1 hit, 0 errors, 1 left on base; Wisconsin 0 - Kane County 0 |
| BOTTOM OF THE 1ST |
|
Kane County Cougars batting - Pitching for Wisconsin Timber Rattlers : RHP Brett Rosinsky
|
|
Pitching: RHP Brett Rosinsky
|
|
|
Batting: RHB Franklin Villanueva
|
0-0: Swinging Strike 0-1: Ball 1-1: Fly out, F9 (Flyball, 9LS, EV 83.1 MPH)
|
|
Batting: LHB T.J. Duvall
|
0-0: Ball 1-0: Swinging Strike 1-1: Foul Ball, location: 2F 1-2: Ball 2-2: Ball 3-2: Fly out, F9 (Flyball, 9D, EV 107.5 MPH)
|
|
Batting: RHB Dave Vargas
|
0-0: Called Strike 0-1: Foul Ball, location: 2F 0-2: Ball 1-2: Foul Ball, location: 2F 1-2: Ball 2-2: Foul Ball, location: 2F 2-2: Ball 3-2: Base on Balls
|
|
Batting: RHB Marlon Reda
|
0-0: Ball 1-0: Called Strike 1-1: Called Strike 1-2: DOUBLE (Line Drive, 7LS, EV 110.6 MPH) Dave Vargas to third Runner from 3rd tries for Home, SAFE, throw by LF to home
|
|
Batting: RHB Matt Maxwell
|
0-0: Called Strike 0-1: Called Strike 0-2: Ball 1-2: Foul Ball, location: 2F 1-2: Strikes out swinging
|
| Bottom of the 1st over - 1 run, 1 hit, 0 errors, 1 left on base; Wisconsin 0 - Kane County 1 |
| TOP OF THE 2ND |
|
Wisconsin Timber Rattlers batting - Pitching for Kane County Cougars : RHP Travis Plesz
|
|
Batting: RHB John Freeman
|
0-0: Ball 1-0: Called Strike 1-1: Swinging Strike 1-2: SINGLE (Groundball, 6MS, EV 61.9 MPH) (infield hit)
|
|
Batting: RHB Nick Spiller
|
0-0: Ball 1-0: Ball 2-0: Called Strike 2-1: Foul Ball, location: 2F 2-2: Foul Ball, location: 2F 2-2: Foul Ball, location: 2F 2-2: Foul Ball, location: 2F 2-2: Foul Ball, location: 2F 2-2: Strikes out looking John Freeman is caught stealing 2nd base 2-4 Batter strikes out.
|
|
Batting: RHB Rafael Medina
|
0-0: Ball 1-0: Swinging Strike 1-1: Foul Ball, location: 2F 1-2: Strikes out swinging
|
| Top of the 2nd over - 0 runs, 1 hit, 0 errors, 0 left on base; Wisconsin 0 - Kane County 1 |
| BOTTOM OF THE 2ND |
|
Kane County Cougars batting - Pitching for Wisconsin Timber Rattlers : RHP Brett Rosinsky
|
|
Batting: RHB John Pena
|
0-0: Called Strike 0-1: Fly out, F8 (Line Drive, 8RM, EV 107.5 MPH)
|
|
Batting: RHB Wes Santiago
|
0-0: SINGLE (Groundball, 56D, EV 97.5 MPH)
|
|
Batting: RHB Curt Barrett
|
0-0: Ball 1-0: Foul Ball, location: 2F 1-1: Foul Ball, location: 2F 1-2: Ball 2-2: Ball 3-2: SINGLE (Groundball, 4MD, EV 103.1 MPH) Wes Santiago to second
|
|
Batting: LHB Brian Nielsen
|
0-0: Called Strike 0-1: Ball 1-1: Foul Ball, location: 2F 1-2: Fly out, F3 (Line Drive, 3, EV 66.9 MPH) Lined into DP, U3 (Line Drive, 3, EV 71.2 MPH)
|
| Bottom of the 2nd over - 0 runs, 2 hits, 0 errors, 1 left on base; Wisconsin 0 - Kane County 1 |
| TOP OF THE 3RD |
|
Wisconsin Timber Rattlers batting - Pitching for Kane County Cougars : RHP Travis Plesz
|
|
Batting: RHB Jeff Cornett
|
0-0: Ball 1-0: Ball 2-0: Called Strike 2-1: Ground out 6-3 (Groundball, 56D, EV 89.4 MPH)
|
|
Batting: RHB Tyler Badillo
|
0-0: Ball 1-0: Ball 2-0: SINGLE (Flyball, 4D, EV 91.2 MPH)
|
|
Batting: RHB Carlos Salazar
|
0-0: Called Strike 0-1: Ball 1-1: Ball 2-1: Foul Ball, location: 2F 2-2: Strikes out swinging
|
|
Batting: RHB Nick Garland
|
0-0: Foul Ball, location: 2F 0-1: Called Strike 0-2: Ball 1-2: Foul Ball, location: 2F 1-2: Fielders Choice at 2nd, 6-4 (Groundball, 6, EV 101.9 MPH)
|
| Top of the 3rd over - 0 runs, 1 hit, 0 errors, 1 left on base; Wisconsin 0 - Kane County 1 |
| BOTTOM OF THE 3RD |
|
Kane County Cougars batting - Pitching for Wisconsin Timber Rattlers : RHP Brett Rosinsky
|
|
Batting: RHB Franklin Villanueva
|
0-0: Ball 1-0: Foul Ball, location: 2F 1-1: Foul Ball, location: 2F 1-2: Foul Ball, location: 2F 1-2: Foul Ball, location: 2F 1-2: Strikes out swinging
|
|
Batting: LHB T.J. Duvall
|
0-0: Ball 1-0: Foul Ball, location: 2F 1-1: Called Strike 1-2: Ball 2-2: Strikes out looking
|
|
Batting: RHB Dave Vargas
|
0-0: Ball 1-0: Ball 2-0: Called Strike 2-1: SINGLE (Line Drive, 4D, EV 111.9 MPH)
|
|
Batting: RHB Marlon Reda
|
0-0: Ball Dave Vargas steals 2nd base 1-0: Ball 2-0: Called Strike 2-1: Called Strike 2-2: SINGLE (Groundball, 56, EV 95.0 MPH) Dave Vargas to third Runner from 3rd tries for Home, SAFE, throw by LF to home
|
|
Batting: RHB Matt Maxwell
|
0-0: Called Strike 0-1: Ball 1-1: Ball 2-1: Ball 3-1: SINGLE (Flyball, 9S, EV 98.1 MPH) Marlon Reda to second Runner from 2nd tries for 3rd, SAFE, throw by RF made to third
|
|
Batting: RHB John Pena
|
0-0: Foul Ball, location: 2F 0-1: Called Strike 0-2: Ball 1-2: Foul Ball, location: 2F 1-2: Ground out 5-3 (Groundball, 56S, EV 89.4 MPH)
|
| Bottom of the 3rd over - 1 run, 3 hits, 0 errors, 2 left on base; Wisconsin 0 - Kane County 2 |
| TOP OF THE 4TH |
|
Wisconsin Timber Rattlers batting - Pitching for Kane County Cougars : RHP Travis Plesz
|
|
Batting: LHB Joe Vida
|
0-0: Ball 1-0: Called Strike 1-1: Foul Ball, location: 2F 1-2: Strikes out swinging
|
|
Batting: RHB Aaron Lind
|
0-0: Ball 1-0: Called Strike 1-1: Swinging Strike 1-2: Ball 2-2: Strikes out swinging
|
|
Batting: RHB John Freeman
|
0-0: Called Strike 0-1: Called Strike 0-2: Foul Ball, location: 2F 0-2: Ball 1-2: Ball 2-2: Fly out, F8 (Flyball, 8LD, EV 91.9 MPH)
|
| Top of the 4th over - 0 runs, 0 hits, 0 errors, 0 left on base; Wisconsin 0 - Kane County 2 |
| BOTTOM OF THE 4TH |
|
Kane County Cougars batting - Pitching for Wisconsin Timber Rattlers : RHP Brett Rosinsky
|
|
Batting: RHB Wes Santiago
|
0-0: Ball 1-0: Called Strike 1-1: Called Strike 1-2: Ball 2-2: Strikes out swinging
|
|
Batting: RHB Curt Barrett
|
0-0: Swinging Strike 0-1: Ground out 6-3 (Groundball, 6, EV 78.1 MPH)
|
|
Batting: LHB Brian Nielsen
|
0-0: Ball 1-0: Called Strike 1-1: Ball 2-1: Foul Ball, location: 2F 2-2: Strikes out swinging
|
| Bottom of the 4th over - 0 runs, 0 hits, 0 errors, 0 left on base; Wisconsin 0 - Kane County 2 |
| TOP OF THE 5TH |
|
Wisconsin Timber Rattlers batting - Pitching for Kane County Cougars : RHP Travis Plesz
|
|
Batting: RHB Nick Spiller
|
0-0: Ball 1-0: Foul Ball, location: 2F 1-1: Foul Ball, location: 2F 1-2: Ground out 3-1 (Groundball, 34, EV 96.2 MPH)
|
|
Batting: RHB Rafael Medina
|
0-0: Swinging Strike 0-1: Swinging Strike 0-2: Strikes out swinging
|
|
Batting: RHB Jeff Cornett
|
0-0: Called Strike 0-1: Ball 1-1: Foul Ball, location: 2F 1-2: Foul Ball, location: 2F 1-2: Foul Ball, location: 2F 1-2: Foul Ball, location: 2F 1-2: Ball 2-2: Strikes out swinging
|
| Top of the 5th over - 0 runs, 0 hits, 0 errors, 0 left on base; Wisconsin 0 - Kane County 2 |
| BOTTOM OF THE 5TH |
|
Kane County Cougars batting - Pitching for Wisconsin Timber Rattlers : RHP Brett Rosinsky
|
|
Batting: RHB Franklin Villanueva
|
0-0: Ball 1-0: Ball 2-0: Called Strike 2-1: Foul Ball, location: 2F 2-2: Foul Ball, location: 2F 2-2: Foul Ball, location: 2F 2-2: Ball 3-2: Base on Balls
|
|
Batting: LHB T.J. Duvall
|
0-0: Ball 1-0: Called Strike 1-1: Ground out 4-3 (Groundball, 4MD, EV 103.1 MPH) Franklin Villanueva to second
|
|
Batting: RHB Dave Vargas
|
0-0: Ball 1-0: Called Strike 1-1: Ball 2-1: Ground out 4-3 (Groundball, 4, EV 85.0 MPH) Franklin Villanueva to third
|
|
Batting: RHB Marlon Reda
|
0-0: Called Strike 0-1: DOUBLE (Flyball, 78D, EV 97.5 MPH) Franklin Villanueva scores
|
|
Batting: RHB Matt Maxwell
|
0-0: Ball 1-0: Ball 2-0: Called Strike 2-1: Swinging Strike 2-2: 2-RUN HOME RUN (Flyball, 9D, EV 96.9 MPH), Distance : 379 ft
|
|
Batting: RHB John Pena
|
0-0: Ball 1-0: Foul Ball, location: 2F 1-1: Ground out 5-3 (Groundball, 56, EV 109.4 MPH)
|
| Bottom of the 5th over - 3 runs, 2 hits, 0 errors, 0 left on base; Wisconsin 0 - Kane County 5 |
| TOP OF THE 6TH |
|
Wisconsin Timber Rattlers batting - Pitching for Kane County Cougars : RHP Travis Plesz
|
|
Batting: RHB Tyler Badillo
|
0-0: Foul Ball, location: 2F 0-1: Swinging Strike 0-2: Ball 1-2: SINGLE (Groundball, 6MD, EV 98.1 MPH)
|
|
Batting: RHB Carlos Salazar
|
0-0: Ball 1-0: Foul Ball, location: 2F 1-1: Ball 2-1: Foul Ball, location: 2F 2-2: Foul Ball, location: 2F 2-2: Fly out, F7 (Line Drive, 7D, EV 88.1 MPH)
|
|
Batting: RHB Nick Garland
|
0-0: Ground out 6-3 (Groundball, 6MD, EV 86.2 MPH) Tyler Badillo to second
|
|
Batting: LHB Joe Vida
|
0-0: Called Strike 0-1: Swinging Strike 0-2: Ball 1-2: Ball 2-2: Ball 3-2: Foul Ball, location: 2F 3-2: Foul Ball, location: 2F 3-2: Foul Ball, location: 2F 3-2: Ground out 4-3 (Groundball, 4, EV 97.5 MPH)
|
| Top of the 6th over - 0 runs, 1 hit, 0 errors, 1 left on base; Wisconsin 0 - Kane County 5 |
| BOTTOM OF THE 6TH |
|
Kane County Cougars batting - Pitching for Wisconsin Timber Rattlers : RHP Brett Rosinsky
|
|
Pitching: RHP Joe Shaw
|
|
|
Batting: RHB Wes Santiago
|
0-0: Ball 1-0: Called Strike 1-1: Called Strike 1-2: Strikes out swinging
|
|
Batting: RHB Curt Barrett
|
0-0: Ball 1-0: Ball 2-0: Ball 3-0: Base on Balls
|
|
Batting: LHB Brian Nielsen
|
0-0: Ball 1-0: Ball 2-0: Called Strike 2-1: Ball 3-1: Foul Ball, location: 2F 3-2: Grounds out, U3 (Groundball, 3L, EV 77.5 MPH)
|
|
Batting: RHB Franklin Villanueva
|
0-0: Ball 1-0: SINGLE (Groundball, 6MD, EV 101.9 MPH) Curt Barrett to third Runner from 3rd tries for Home, SAFE, throw by CF to home
|
|
Batting: LHB T.J. Duvall
|
0-0: Ball 1-0: Called Strike 1-1: Foul Ball, location: 2F 1-2: TRIPLE (Flyball, 9D, EV 100.0 MPH) Franklin Villanueva scores
|
|
Batting: RHB Dave Vargas
|
0-0: Fly out, F8 (Flyball, 89M, EV 91.2 MPH)
|
| Bottom of the 6th over - 2 runs, 2 hits, 0 errors, 1 left on base; Wisconsin 0 - Kane County 7 |
| TOP OF THE 7TH |
|
Wisconsin Timber Rattlers batting - Pitching for Kane County Cougars : RHP Travis Plesz
|
|
Pitching: RHP Andy Jensen
|
|
|
Batting: RHB Aaron Lind
|
0-0: Swinging Strike 0-1: Ball 1-1: Ball 2-1: Ball 3-1: Foul Ball, location: 2F 3-2: Foul Ball, location: 2F 3-2: Foul Ball, location: 2F 3-2: Base on Balls
|
|
Pinch Hitting: RHB Raymond Young
|
0-0: Foul Ball, location: 2F 0-1: Grounds into double play, 6-4-3 (Groundball, 6, EV 91.9 MPH)
|
|
Pinch Hitting: LHB Andy Sanchez
|
0-0: Called Strike 0-1: SOLO HOME RUN (Flyball, 89XD, EV 96.9 MPH), Distance : 399 ft
|
|
Batting: RHB Rafael Medina
|
0-0: Ball 1-0: Ball 2-0: Called Strike 2-1: Foul Ball, location: 2F 2-2: Foul Ball, location: 2F 2-2: Ground out 5-3 (Groundball, 56, EV 101.2 MPH)
|
| Top of the 7th over - 1 run, 1 hit, 0 errors, 0 left on base; Wisconsin 1 - Kane County 7 |
| BOTTOM OF THE 7TH |
|
Kane County Cougars batting - Pitching for Wisconsin Timber Rattlers : RHP Joe Shaw
|
|
Now at SS: Raymond Young
|
|
|
Now in LF: Andy Sanchez
|
|
|
Now in CF: Carlos Salazar
|
|
|
Batting: RHB Marlon Reda
|
0-0: Called Strike 0-1: Ball 1-1: Ground out 5-3 (Groundball, 5, EV 88.8 MPH)
|
|
Batting: RHB Matt Maxwell
|
0-0: Ball 1-0: Foul Ball, location: 2F 1-1: Swinging Strike 1-2: Ball 2-2: Strikes out swinging
|
|
Batting: RHB John Pena
|
0-0: Ground out U3 (Groundball, 3S, EV 78.8 MPH)
|
| Bottom of the 7th over - 0 runs, 0 hits, 0 errors, 0 left on base; Wisconsin 1 - Kane County 7 |
| TOP OF THE 8TH |
|
Wisconsin Timber Rattlers batting - Pitching for Kane County Cougars : RHP Andy Jensen
|
|
Batting: RHB Jeff Cornett
|
0-0: Ball 1-0: Called Strike 1-1: Ball 2-1: Foul Ball, location: 2F 2-2: Foul Ball, location: 2F 2-2: Ground out 1-3 (Groundball, 15S, EV 71.9 MPH)
|
|
Batting: RHB Tyler Badillo
|
0-0: Ball 1-0: Called Strike 1-1: Ball 2-1: Reached on error, E6 (Groundball, 6D, EV 101.2 MPH)
|
|
Batting: RHB Carlos Salazar
|
0-0: Ball 1-0: Foul Ball, location: 2F 1-1: SINGLE (Groundball, 6M, EV 90.0 MPH) (infield hit) Tyler Badillo to second
|
|
Batting: RHB Nick Garland
|
0-0: Foul Ball, location: 2F 0-1: Ball 1-1: SINGLE (Groundball, 6MD, EV 108.1 MPH) Tyler Badillo to third Carlos Salazar to second Runner from 3rd tries for Home, SAFE, throw by CF to home
|
|
Batting: LHB Joe Vida
|
0-0: Ball 1-0: Foul Ball, location: 2F 1-1: Ball 2-1: Ball 3-1: Fly out, F8 (Flyball, 8RS, EV 85.6 MPH)
|
|
Batting: RHB Aaron Lind
|
0-0: Fly out, F7 (Flyball, 7LM, EV 72.5 MPH)
|
| Top of the 8th over - 1 run, 2 hits, 1 error, 2 left on base; Wisconsin 2 - Kane County 7 |
| BOTTOM OF THE 8TH |
|
Kane County Cougars batting - Pitching for Wisconsin Timber Rattlers : RHP Joe Shaw
|
|
Batting: RHB Wes Santiago
|
0-0: Swinging Strike 0-1: Ball 1-1: Foul Ball, location: 2F 1-2: Ground out U3 (Groundball, 34, EV 104.4 MPH)
|
|
Batting: RHB Curt Barrett
|
0-0: Foul Ball, location: 2F 0-1: Foul Ball, location: 2F 0-2: Ball 1-2: Foul Ball, location: 2F 1-2: Ball 2-2: Ground out 5-3 (Groundball, 56, EV 86.9 MPH)
|
|
Pitching: RHP Daniel Kaefer
|
|
|
Batting: LHB Brian Nielsen
|
0-0: Ball 1-0: Foul Ball, location: 2F 1-1: Ground out 1-3 (Groundball, 15, EV 68.8 MPH)
|
| Bottom of the 8th over - 0 runs, 0 hits, 0 errors, 0 left on base; Wisconsin 2 - Kane County 7 |
| TOP OF THE 9TH |
|
Wisconsin Timber Rattlers batting - Pitching for Kane County Cougars : RHP Andy Jensen
|
|
Batting: RHB Raymond Young
|
0-0: SINGLE (Flyball, 8LS, EV 92.5 MPH)
|
|
Batting: LHB Andy Sanchez
|
0-0: Ball 1-0: Called Strike 1-1: Called Strike 1-2: Strikes out looking
|
|
Batting: RHB Rafael Medina
|
0-0: Called Strike 0-1: Swinging Strike 0-2: Ball 1-2: Ball 2-2: Foul Ball, location: 2F 2-2: Foul Ball, location: 2F 2-2: Foul Ball, location: 2F 2-2: Ball 3-2: Foul Ball, location: 2F 3-2: Base on Balls Raymond Young to second
|
|
Pitching: LHP Justin Martin
|
|
|
Batting: RHB Jeff Cornett
|
0-0: Ball 1-0: Ball 2-0: Called Strike 2-1: Foul Ball, location: 2F 2-2: Foul Ball, location: 2F 2-2: Fielders Choice at 2nd, 6-4 (Groundball, 6, EV 83.1 MPH) Raymond Young to third
|
|
Batting: RHB Tyler Badillo
|
0-0: Swinging Strike 0-1: Swinging Strike 0-2: Strikes out looking
|
| Top of the 9th over - 0 runs, 1 hit, 0 errors, 2 left on base; Wisconsin 2 - Kane County 7 |
|